 Dungeon Crawl Stone Soup version 0.27.1-34-g3ba077fa99 (webtiles) character file.

Game seed: 15069583015072940797

275 vocatan the Shield-Bearer (level 6, -2/79 HPs)
             Began as a Minotaur Fighter on Jan 18, 2022.
             Was a Follower of Yredelemnul.
             Slain by a hellwing (3 damage)
             ... created by the fury of Makhleb
             ... on level 4 of the Dungeon.
             The game lasted 00:24:19 (2085 turns).

vocatan the Shield-Bearer (Minotaur Fighter)        Turns: 2085, Time: 00:24:20

Health: -2/79      AC:  7    Str: 21    XL:     6   Next: 3%
Magic:  5/5        EV:  8    Int: 11    God:    Yredelemnul [*.....]
Gold:   170        SH: 10    Dex: 11    Spells: 5/5 levels left

rFire    . . .     SeeInvis .   a - +0 long sword
rCold    . . .     Faith    .   c - +0 kite shield
rNeg     . . .     Spirit   .   b - +0 scale mail
rPois    .         Reflect  .   (helmet restricted)
rElec    .         Harm     .   (no cloak)
rCorr    .         Rampage  .   (no gloves)
Will     .....                  (no boots)
Stlth    ..........             (no amulet)
HPRegen  0.23/turn              e - +6 ring of intelligence
MPRegen  0.09/turn              (no ring)

@: berserking, very quick
A: horns 2, retaliatory headbutt
a: Renounce Religion, Animate Remains


You were on level 4 of the Dungeon.
You worshipped Yredelemnul.
Yredelemnul was aware of your devotion.
You visited 1 branch of the dungeon, and saw 4 of its levels.

You collected 170 gold pieces.

Inventory:

Hand Weapons
 a - a +0 long sword (weapon)
 f - a +0 hunting sling
Missiles
 i - 18 stones (quivered)
 j - 3 boomerangs of dispersal
Armour
 b - a +0 scale mail (worn)
 c - a +0 kite shield (worn)
Jewellery
 e - a +6 ring of intelligence (left hand)
Wands
 m - a wand of flame (12)
Scrolls
 g - 4 scrolls of identify {unknown}
 h - 2 scrolls of vulnerability {unknown}
 l - a scroll of fear {unknown}
Potions
 d - a potion of might


   Skills:
 + Level 4.5 Fighting
 + Level 4.3 Long Blades
 + Level 5.0 Armour
 + Level 1.3 Dodging
 + Level 5.4 Shields


You had 5 spell levels left.
You didn't know any spells.
Your spell library contained the following spells:

 Spells                   Type           Power      Damage    Failure   Level
 Dazzling Flash           Conj/Hex       0%         N/A       100%        3
 Iskenderun's Mystic Bla  Conj/Tloc      0%         2d3       100%        4
 Starburst                Conj/Fire      0%         6d3       100%        6


Dungeon Overview and Level Annotations

Branches:
Dungeon (4/15)
 Temple: D:4-7

Altars:
Dithmenos
Kikubaaqudgha
Makhleb
Okawaru
Yredelemnul


Innate Abilities, Weirdness & Mutations

You have a pair of horns on your head.
You reflexively headbutt those who attack you in melee.


Message History

The hellwing hits you.
You hit the hellwing. You headbutt the hellwing!
The hellwing is heavily wounded.
You block the hellwing's attack. The hellwing hits you.
The hellwing hits you but does no damage.
You block the hellwing's attack.
You hit the hellwing but do no damage.
You headbutt the hellwing, but do no damage.
The hellwing is heavily wounded.
The hellwing hits you! The hellwing hits you.
* * * LOW HITPOINT WARNING * * *
It was a potion of berserk rage.
A red film seems to cover your vision as you go berserk!
You feel yourself moving faster!
You feel mighty!
The hellwing hits you but does no damage.
The hellwing closely misses you.
You barely miss the hellwing.
The hellwing is heavily wounded.
The hellwing hits you!
* * * LOW HITPOINT WARNING * * *
The hellwing barely misses you.
You closely miss the hellwing.
The hellwing is moderately wounded.
The hellwing hits you but does no damage.
You block the hellwing's attack.
You slash the hellwing!
The hellwing is heavily wounded.
The hellwing hits you!
* * * LOW HITPOINT WARNING * * *
The hellwing barely misses you.
You barely miss the hellwing. You headbutt the hellwing!
The hellwing is severely wounded.
You block the hellwing's attack. The hellwing hits you.
* * * LOW HITPOINT WARNING * * *
You closely miss the hellwing.
The hellwing is severely wounded.
The hellwing hits you.
You die...
Your body rises from the dead as a mindless zombie.

##### #...# #.#.# ###.#
#.# #[# #.# ########.#
#### #.....4@.# # ...# #
#.##########. ###.######
#.##.........##.........
#.##...≈≈≈≈≈............
#.#..≈≈≈≈≈≈≈≈≈..........
#...#≈≈≈≈≈≈≈≈≈#.........
#...####≈≈≈≈≈##.........
#..#.#.#≈≈≈≈##.#........
#.≈##..#≈≈≈##.##≈.......


You could see a hellwing.

Vanquished Creatures
  An orc priest (D:3)
  2 hounds
  Jessica (D:2)
  An iguana (D:2)
  An orc wizard (D:3)
  Robin (D:3)
  3 adders
  A dart slug (D:1)
  9 orcs
  2 endoplasms
  A giant cockroach (D:2)
  7 goblins
  8 hobgoblins
  A quokka (D:2)
  10 ball pythons
  4 bats
  2 frilled lizards (D:3)
  8 kobolds
  6 rats
69 creatures vanquished.

Vanquished Creatures (others)
  A hobgoblin zombie (D:3)
1 creature vanquished.

Grand Total: 70 creatures vanquished

Notes
Turn   | Place    | Note
-------+----------+-------------------------------------------
     0 | D:1      | vocatan the Minotaur Fighter began the quest for the Orb.
     0 | D:1      | Reached XP level 1. HP: 19/19 MP: 0/0
    59 | D:1      | Reached XP level 2. HP: 20/27 MP: 1/1
   309 | D:1      | Found a faded altar of an unknown god.
   317 | D:1      | Became a worshipper of Makhleb the Destroyer
   317 | D:1      | Reached * piety under Makhleb
   412 | D:2      | Noticed Jessica
   420 | D:2      | Killed Jessica
   421 | D:2      | Reached XP level 3. HP: 31/33 MP: 2/2
   623 | D:2      | Reached XP level 4. HP: 11/40 MP: 3/3
   809 | D:2      | Reached skill level 1 in Dodging
  1256 | D:3      | Found a basalt altar of Yredelemnul.
  1276 | D:3      | Fell from the grace of Makhleb
  1276 | D:3      | Became a worshipper of Yredelemnul the Dark
  1405 | D:3      | Found an ancient bone altar of Kikubaaqudgha.
  1405 | D:3      | Found a shadowy altar of Dithmenos.
  1406 | D:3      | Found an iron altar of Okawaru.
  1438 | D:3      | Reached skill level 5 in Shields
  1438 | D:3      | Reached XP level 5. HP: 46/47 MP: 4/4
  1656 | D:3      | Noticed Robin
  1667 | D:3      | Killed Robin
  1673 | D:3      | Reached * piety under Yredelemnul
  1880 | D:3      | Reached skill level 5 in Armour
  1884 | D:3      | Reached XP level 6. HP: 6/53 MP: 5/5
  2072 | D:4      | Noticed a hellwing
  2084 | D:4      | HP: 1/79 [hellwing[the fury of Makhleb] (3)]
  2085 | D:4      | Slain by a hellwing

Illustrated notes

Levels and vault maps discovered:
D:1:      lightli_arrival_lavapool, layout_rooms, basic_ecumenical_altar
D:2:      layout_loops_ring, uniq_jessica
D:3:      layout_basic, old_standard_altar,
          chequers_temple_overflow_statue_of_worship, uniq_robin
D:4:      layout_basic, grunt_decor_junction, uniq_sigmund

Skill      XL: |  1  2  3  4  5 |
---------------+----------------+-----
Shields        | 4 5 |  5.4
Fighting       | 4 |  4.5
Long Blades    | 3 4 |  4.3
Armour         | 4 5 |  5.0
Dodging        | 1 |  1.3

Action                   |  1- 3 |  4- 6 || total
-------------------------+-------+-------++-------
Melee: Long sword        |    61 |   121 ||   182
       Headbutt          |     7 |    16 ||    23
Invok: Animate Remains   |       |     3 ||     3
  Use: Potion            |       |     5 ||     5
Armor: Scale mail        |    33 |    53 ||    86
Dodge: Dodged            |    16 |    44 ||    60
Block: Kite shield       |    36 |    53 ||    89
       Rpst.: Long sword |     2 |     8 ||    10
